 Dungeon Crawl Stone Soup version 0.30.0-5-g1a98f26d00 (webtiles) character file.

Game seed: 2895879625506234155

2287 ragingrage the Slicer (level 9, -1/60 HPs)
             Began as a Djinni Berserker on May 10, 2023.
             Was an Elder of Trog.
             Slain by a gnoll
             ... wielding a +0 halberd
             ... led by a gnoll bouda
              (11 damage)
             ... on level 7 of the Dungeon.
             The game lasted 00:08:33 (5771 turns).

ragingrage the Slicer (Djinni Berserker)            Turns: 5771, Time: 00:08:33

Health: -1/60      AC:  2    Str: 16    XL:     9   Next: 66%
Gold:   158        EV: 11    Int: 10    God:    Trog [****..] SH:  0 Dex: 16

rFire   + + .        a - +2 dagger (elec)
rCold   x . .        (no shield)
rNeg    . . .        c - +0 ring mail
rPois   ∞            f - +0 helmet
rElec   .            (no cloak)
rCorr   .            (no gloves)
SInv    .            (boots unavailable)
Will    .....        j - amulet of faith
Stlth   +            (no ring)
HPRegen 0.30/turn    (no ring)
MPRegen 0.00/turn

%: faith, infuse magic (-2 HP)
@: about to teleport, corroded, on berserk cooldown, flying, slowed, very slow
A: sickness immunity, fire resistance 2, cold vulnerability 1, float, innate
caster, HP casting, extra vitality 1
a: Renounce Religion, Berserk, Trog's Hand, Brothers in Arms


You were on level 7 of the Dungeon.
You worshipped Trog.
Trog was greatly pleased with you.
You visited 1 branch of the dungeon, and saw 7 of its levels.

You collected 343 gold pieces.
You spent 185 gold pieces at shops.

Inventory:

Hand Weapons
 a - a +2 dagger of electrocution (weapon)
 b - a +0 falchion
 n - a +0 shortbow
Missiles
 e - 8 poisoned darts (quivered)
 m - 2 throwing nets
Armour
 c - a +0 ring mail (worn)
 f - a +0 helmet (worn)
Jewellery
 j - an amulet of faith (around neck)
Wands
 z - a wand of flame (3)
 F - a wand of digging (9)
Scrolls
 d - 5 scrolls of teleportation
 g - a scroll of amnesia {unknown}
 l - 4 scrolls of vulnerability
 o - 4 scrolls of immolation
 p - 2 scrolls of fog
 s - 2 scrolls of enchant weapon {unknown}
 v - 4 scrolls of poison {unknown}
 w - a scroll of magic mapping {unknown}
 x - a scroll of blinking
 C - a scroll of acquirement {unknown}
 D - a scroll of fear {unknown}
Potions
 h - a potion of lignification {unknown}
 i - 2 potions of berserk rage {unknown}
 k - 2 potions of haste {unknown}
 q - 7 potions of curing
 r - 2 potions of might
 u - 3 potions of invisibility
 A - a potion of brilliance {unknown}
 B - 2 potions of mutation {unknown}
 E - a potion of resistance {unknown}


   Skills:
 + Level 3.0 Fighting
 - Level 8.7(10.0) Short Blades
 - Level 7.5(9.3) Long Blades
 + Level 2.0 Armour
 + Level 2.2 Dodging
 + Level 0.1 Stealth


You knew the following spells:

 Your Spells              Type           Power      Damage    Failure   Level
a - Summon Small Mammal   Summ           0%         N/A       56%         1
b - Poisonous Vapours     Pois/Air       0%         N/A       71%         2
c - Passwall              Tmut/Erth      0%         N/A       71%         2
d - Volatile Blastmotes   Fire/Tloc      0%         2d10      91%         3
Your spell library was empty.

Dungeon Overview and Level Annotations

Branches:
Dungeon (7/15)
 Temple: D:4-7

Altars:
Wu Jian

Shops:
D:1 =   D:4 [!?=(

Annotations:
D:7 Menkaure


Innate Abilities, Weirdness & Mutations

You are immune to sickness and miasma.
You are immune to poison.
Your flesh is very heat resistant. (rF++)
You are vulnerable to cold. (rC-)
You float through the air rather than walking.
You learn spells naturally, not from books.
Your magical power is your life essence.
You have superior vitality. (+4 MHP)


Message History

The acid dragon bites you. The acid dragon misses you.
You barely miss the acid dragon. You hit the acid dragon.
Lightning courses through the acid dragon!
You kill the acid dragon!
Trog accepts your kill.
Training target 10.0 for Short Blades reached!
You need to enable at least one skill for training.
The orc barely misses you.
An orc comes into view. It is wielding a +0 whip.
You see here an acid dragon corpse.
The orc shouts!
You hit the orc. The orc hits you but does no damage.
You hit the orc but do no damage. You puncture the orc!
Lightning courses through the orc!
You kill the orc!
Trog accepts your kill.
You are no longer berserk.
You are exhausted.
You feel yourself slow down.
A gnoll comes into view. It is wielding a +0 halberd.
The gnoll shouts!
A gnoll bouda comes into view. It is wielding a +0 whip.
The gnoll bouda barks out a call to the hunt!
The gnoll picks up the pace!
You hear a shout!
Things that are here:
a +0 halberd; a +0 chain mail The orc hits you with a +0 whip.
The gnoll barely misses you.
You hit the orc. The orc hits you with a +0 whip. The gnoll barely misses you.
You hit the orc but do no damage. The orc hits you with a +0 whip.
* * * LOW HITPOINT WARNING * * *
You hit the orc.
The gnoll hits you from afar with a +0 halberd!
* * * LOW HITPOINT WARNING * * *
The orc completely misses you.
As you read the scroll of teleportation, it crumbles to dust.
You feel strangely unstable.
The gnoll hits you from afar with a +0 halberd!
You die...

# ##### #. #...# ##.#
#...# #.#.###
#######...# #....##
#..=....... # .....#
#.#..###...
#..##..######....# #...
#....o@)†).......###..#
#.##.#.######..##.....#
#.#g# #..###....# ...g#
#......#)## ##.###
.#.###.#.## .# >.#.#
.#.... g# ....#..###...
## ....# ## #..##
#..#.##


You could see a gnoll bouda, a gnoll (swift) and an orc.

Vanquished Creatures
  Eustachio (D:6)
  Edmund (D:6)
  An acid dragon (D:7)
  A water moccasin (D:6)
  An orc warrior (D:7)
  An ice beast (D:7)
  2 sky beasts
  A black bear (D:7)
  2 ogres
  A centaur (D:6)
  A phantom (D:5)
  A kobold brigand (D:4)
  2 bullfrogs
  A scorpion (D:6)
  A wight (D:7)
  3 jellies
  2 hounds
  A gnoll bouda (D:5)
  An orc priest (D:7)
  3 iguanas
  2 sleepcaps
  Jessica (D:3)
  An orc wizard (D:6)
  12 gnolls
  10 adders
  2 white imps (D:6)
  3 ufetubi
  A worm (D:3)
  A dart slug (D:2)
  14 orcs
  6 bats
  7 endoplasms
  5 giant cockroaches
  8 goblins
  4 hobgoblins
  8 jackals (D:1)
  4 quokkas
  11 ball pythons
  5 frilled lizards
  2 kobolds
  3 rats (D:2)
138 creatures vanquished.

Notes
Turn   | Place    | Note
-------+----------+-------------------------------------------
     0 | D:1      | ragingrage the Djinni Berserker began the quest for the
                  | Orb.
     0 | D:1      | Reached XP level 1. HP: 20/20 MP: 0/0
    20 | D:1      | Reached XP level 2. HP: 25/25 MP: 0/0
   171 | D:1      | Found Vosiphul's Jewellery Boutique.
   341 | D:1      | Reached XP level 3. HP: 24/30 MP: 0/0
   341 | D:1      | Learned a level 1 spell: Summon Small Mammal
   391 | D:1      | Reached ** piety under Trog
   721 | D:2      | Found a faded altar of an unknown god.
   804 | D:2      | Reached XP level 4. HP: 32/35 MP: 0/0
  1236 | D:3      | Reached XP level 5. HP: 35/40 MP: 0/0
  1236 | D:3      | Learned a level 2 spell: Poisonous Vapours
  1397 | D:3      | Reached skill level 5 in Long Blades
  1411 | D:3      | Noticed Jessica
  1424 | D:3      | Killed Jessica
  1424 | D:3      | Reached *** piety under Trog
  1532 | D:3      | You are sucked into a shaft and drop 1 floor!
  1532 | D:4      | Found Decany's Weapon Emporium.
  1558 | D:4      | Found Gavoip's Jewellery Shoppe.
  1609 | D:4      | Found Raloasm's Magic Scroll Boutique.
  1618 | D:4      | Bought a scroll of blinking for 105 gold pieces
  1634 | D:4      | Noticed a kobold brigand
  1666 | D:4      | Killed a kobold brigand
  1667 | D:4      | Reached XP level 6. HP: 14/46 MP: 0/0
  1881 | D:4      | Found an ornate altar of the Wu Jian Council.
  2093 | D:4      | Found Soso's Distillery.
  2099 | D:4      | Bought a potion of heal wounds for 50 gold pieces
  2162 | D:4      | Found Ykiy's Armour Shop.
  2295 | D:5      | Entered Level 5 of the Dungeon
  2311 | D:5      | Noticed an ogre
  2320 | D:5      | Killed an ogre
  2348 | D:5      | Reached XP level 7. HP: 40/50 MP: 0/0
  2348 | D:5      | Learned a level 2 spell: Passwall
  2733 | D:5      | HP: 2/50 [iguana (10)]
  3235 | D:4      | Bought a potion of curing for 30 gold pieces
  3534 | D:5      | Reached skill level 1 in Short Blades
  3720 | D:6      | Reached skill level 2 in Short Blades
  3818 | D:6      | Reached XP level 8. HP: 42/56 MP: 0/0
  3831 | D:6      | Reached skill level 3 in Short Blades
  3832 | D:6      | Reached **** piety under Trog
  3947 | D:6      | Noticed Eustachio
  3994 | D:6      | HP: 2/56 [Eustachio/+0 rapier (7)]
  3995 | D:6      | Killed Eustachio
  3996 | D:6      | Reached skill level 4 in Short Blades
  4356 | D:6      | Reached skill level 5 in Short Blades
  4448 | D:6      | Reached skill level 6 in Short Blades
  4459 | D:6      | Reached XP level 9. HP: 13/60 MP: 0/0
  4459 | D:6      | Learned a level 3 spell: Volatile Blastmotes
  4658 | D:6      | Noticed Edmund
  4676 | D:6      | Killed Edmund
  4702 | D:6      | Reached skill level 7 in Short Blades
  5256 | D:7      | Reached skill level 8 in Short Blades
  5327 | D:7      | Noticed Menkaure
  5771 | D:7      | Slain by a gnoll

Illustrated notes

Levels and vault maps discovered:
D:1:      minmay_arrival_arboretum_small, layout_rooms, serial_shops, shop
D:2:      layout_basic, hellmonk_ecumenical_altar_blasted, minmay_joined_circles
D:3:      layout_basic, uniq_jessica
D:4:      layout_basic, kennysheep_little_box, serial_shops, shop,
          nicolae_shop_peninsula, nicolae_shop_tiny_real_fake_doors,
          nicolae_stop_n_shop_1, nicolae_shop_bloodbath_and_beyond
D:5:      layout_loops_ring
D:6:      layout_basic, uniq_eustachio, uniq_edmund
D:7:      layout_loops_cross, zin_angel, overflow_temple_1_default,
          temple_green, ebering_ghost_reflecting_pool, uniq_menkaure

Skill      XL: |  1  2  3  4  5  6  7  8  9 |
---------------+----------------------------+-----
Long Blades    | 3 4 5 6 7 |  7.5
Short Blades   | 2 6 8 |  8.7
Fighting       | |  3.0
Armour         | |  2.0
Dodging        | |  2.2
Stealth        | |  0.1

Action                     |  1- 3 |  4- 6 |  7- 9 || total
---------------------------+-------+-------+-------++-------
  Melee: Falchion          |   103 |       |       ||   103
         Punch             |     1 |       |     5 ||     6
         Dagger            |    16 |   148 |   378 ||   542
 Invoke: Berserk           |     2 |     2 |     5 ||     9
  Evoke: Wand              |       |       |     1 ||     1
    Use: Scroll            |       |     4 |     4 ||     8
         Potion            |       |       |     3 ||     3
 Armour: Animal skin       |     3 |       |       ||     3
         Ring mail         |    59 |    30 |   121 ||   210
  Dodge: Dodged            |    84 |    94 |   169 ||   347
